 Dungeon Crawl Stone Soup version 0.28-a0-828-g0121872642 (webtiles) character file.

Game seed: 8670089923551451105

11940 siradein the Spear-Bearer (level 11, -7/90 HPs)
             Began as a Merfolk Gladiator on Nov 11, 2021.
             Was a Believer of Dithmenos.
             Shot with an arrow by a centaur (8 damage)
             ... on level 11 of the Dungeon.
             The game lasted 00:30:38 (13656 turns).

siradein the Spear-Bearer (Merfolk Gladiator)      Turns: 13656, Time: 00:30:39

Health: -7/90      AC:  2    Str: 17    XL:     11   Next: 85%
Magic:  12/12      EV: 23    Int:  9    God:    Dithmenos [**....]
Gold:   401        SH:  0    Dex: 17    Spells: 10/10 levels left

rFire   . . .      SeeInvis +   b - +1 halberd (vorpal)
rCold   + . .      Faith    .   (shield currently unavailable)
rNeg    . . .      Spirit   .   K - +0 troll leather armour
rPois   .          Reflect  .   c - +0 helmet
rElec   .          Harm     .   A - +0 cloak
rCorr   .          Rampage  .   s - +2 pair of gloves
Will    .....                   F - +0 pair of boots
Stlth   ++........              (no amulet)
HPRegen 1.25/turn               x - +4 ring of evasion
MPRegen 0.13/turn               I - +4 ring of slaying

@: corroded, wreathed by umbra
A: (nimble swimmer 2), mertail, see invisible, clever 1, cold resistance 1,
evolution 1
a: Renounce Religion, Shadow Step


You were on level 11 of the Dungeon.
You worshipped Dithmenos.
Dithmenos was pleased with you.
You visited 1 branch of the dungeon, and saw 11 of its levels.

You collected 602 gold pieces.
You spent 201 gold pieces at shops.

Inventory:

Hand Weapons
 b - a +1 vorpal halberd (weapon)
 L - a +1 vorpal trident
Missiles
 a - 82 poisoned darts (quivered)
 d - 8 throwing nets
 q - 6 curare-tipped darts
 u - 141 stones
 z - 4 boomerangs
 H - 6 silver boomerangs
Armour
 c - a +0 helmet (worn)
 s - a +2 pair of gloves (worn)
 A - a +0 cloak (worn)
 F - a +0 pair of boots (worn)
 K - a +0 troll leather armour (worn)
Jewellery
 k - a ring of wizardry
 n - a ring of ice
 x - a +4 ring of evasion (left hand)
 I - a +4 ring of slaying (right hand)
Wands
 e - a wand of iceblast (11)
 G - a wand of polymorph (11)
Scrolls
 f - 4 scrolls of immolation
 h - 2 scrolls of blinking
 i - 4 scrolls of amnesia
 j - 2 scrolls of enchant weapon
 l - 4 scrolls of teleportation
 v - 2 scrolls of fear {unknown}
 y - a scroll of acquirement {unknown}
 C - 2 scrolls of summoning {unknown}
 E - a scroll of fog {unknown}
 J - a scroll of holy word {unknown}
Potions
 g - 2 potions of magic {unknown}
 m - 2 potions of heal wounds {unknown}
 p - 2 potions of lignification {unknown}
 r - a potion of haste
 t - a potion of invisibility {unknown}
 w - 2 potions of brilliance {unknown}
 D - a potion of attraction {unknown}
 M - a potion of degeneration {unknown}
Miscellaneous
 B - a phantom mirror


   Skills:
 + Level 10.1 Fighting
 + Level 13.4 Polearms
 + Level 9.4 Throwing
 + Level 2.2 Armour
 + Level 12.4 Dodging
 + Level 1.9 Invocations
 + Level 1.7 Evocations


You had 10 spell levels left.
You didn't know any spells.
Your spell library contained the following spells:

 Spells                   Type           Power      Damage    Failure   Level
 Slow                     Hex            0%         N/A       43%         1
 Confusing Touch          Hex            0%         N/A       82%         3
 Vampiric Draining        Necr           0%         2d6       82%         3
 Summon Forest            Summ/Tloc      0%         N/A       100%        5
 Summon Mana Viper        Hex/Summ       0%         N/A       100%        5
 Summon Cactus Giant      Summ           0%         N/A       100%        6


Dungeon Overview and Level Annotations

Branches:
Dungeon (11/15)            Temple (0/1) D:7
   Lair: D:8-11         Orc: D:9-12

Altars:
Dithmenos
Fedhas
Gozag
Kikubaaqudgha
Okawaru
Ru
Sif Muna
Uskayaw
Vehumet
Zin

Shops:
D:4 *   D:7 *   D:10 :


Innate Abilities, Weirdness & Mutations

((You are quick and stealthy near water. (Stealth+, EV+, Speed+++)))
Your lower body shifts to a powerful aquatic tail in water.
You have supernaturally acute eyesight. (SInv)
Your mind is acute. (Int +2)
Your flesh is cold resistant. (rC+)
You have hidden genetic potential.


Message History

The centaur wields a +0 shortbow.
The centaur shoots an arrow.
The arrow misses you.
The centaur shoots an arrow.
The arrow hits you but does no damage.
The centaur shoots an arrow.
The arrow hits you.
The centaur shoots an arrow.
The arrow closely misses you. The acid dragon spits acid at you.
The splash of acid misses you.
The centaur shoots an arrow.
The arrow completely misses you.
The centaur shoots an arrow.
The arrow misses you.
The centaur shoots an arrow.
The arrow completely misses you.
The centaur shoots an arrow.
The arrow misses you.
The centaur shoots an arrow.
The arrow closely misses you. The acid dragon spits acid at you.
The splash of acid misses you.
The centaur shoots an arrow.
The arrow completely misses you.
The centaur wields a +0 shortbow.
The centaur shoots an arrow.
The arrow completely misses you.
The centaur shoots an arrow.
The arrow completely misses you.
The centaur shoots an arrow.
The arrow hits you.
The centaur shoots an arrow.
The arrow hits you!
The centaur shoots an arrow.
The arrow completely misses you. The acid dragon spits acid at you.
The splash of acid hits you!
* * * LOW HITPOINT WARNING * * *
The acid corrodes you!
The centaur shoots an arrow.
The arrow hits you!
* * * LOW HITPOINT WARNING * * *
The centaur shoots an arrow.
The arrow hits you!
* * * LOW HITPOINT WARNING * * *
The centaur wields a +0 shortbow.
The centaur shoots an arrow.
The arrow barely misses you.
The centaur shoots an arrow.
The arrow hits you.
* * * LOW HITPOINT WARNING * * *
The centaur shoots an arrow.
The arrow completely misses you.
The centaur shoots an arrow.
The arrow completely misses you.
The centaur shoots an arrow.
The arrow hits you.
* * * LOW HITPOINT WARNING * * *
The centaur shoots an arrow.
The arrow hits you.
* * * LOW HITPOINT WARNING * * *
The centaur shoots an arrow.
The arrow hits you!
You die...

#.#. . ##...
###.#...#
#.......#
...#.#..#
#...#..#######
#..........#
#.#....# #...##@#
######..###.###
#.............##
#..........##.<#
#.....)....###.>.#
#..c...c...# #..##
####.c........#
#...#
##...c.##.....##
##....
##......$..c....#
.##..


You could see a centaur.

Vanquished Creatures
  2 hydras
  A death knight (D:8)
  2 two-headed ogres (D:8)
  Pikel (D:6)
  Joseph (D:9)
  Psyche (D:9)
  A troll (D:9)
  A vampire (D:9)
  6 yaks
  A wyvern (D:9)
  6 steam dragons
  2 vampire mosquitoes
  Edmund (D:4)
  An acid dragon (D:7)
  5 water moccasins
  Duvessa (D:4)
  7 orc warriors
  2 black bears
  A sky beast (D:8)
  2 ice beasts (D:6)
  2 necrophages
  3 centaurs (D:9)
  3 ogres
  A phantom (D:5)
  3 kobold brigands
  A scorpion (D:4)
  4 bullfrogs
  A gnoll sergeant (D:8)
  Dowan (D:4)
  A killer bee (D:9)
  12 wights
  7 howler monkeys
  A bullfrog zombie (D:6)
  3 centaur zombies
  2 jellies
  2 gnoll shamans
  A hound (D:6)
  An orc priest (D:7)
  3 bullfrog skeletons
  2 iguanas
  3 orc wizards
  2 killer bee zombies
  A howler monkey zombie (D:8)
  7 adders
  13 gnolls
  A white imp (D:6)
  An ufetubus (D:5)
  An adder skeleton (D:4)
  A worm (D:2)
  A dart slug (D:4)
  17 orcs
  11 bats
  6 endoplasms
  3 giant cockroaches
  4 hobgoblins
  22 kobolds
  7 quokkas
  7 ball pythons
  6 frilled lizards
  2 goblins
  5 rats
220 creatures vanquished.

Vanquished Creatures (others)
  A human (D:9)
1 creature vanquished.

Grand Total: 221 creatures vanquished

Notes
Turn   | Place    | Note
-------+----------+-------------------------------------------
     0 | D:1      | siradein the Merfolk Gladiator began the quest for the Orb.
     0 | D:1      | Reached XP level 1. HP: 16/16 MP: 1/1
    37 | D:1      | Reached XP level 2. HP: 23/23 MP: 2/2
   230 | D:1      | Reached XP level 3. HP: 28/28 MP: 3/3
   441 | D:1      | Found a faded altar of an unknown god.
   568 | D:1      | Reached skill level 5 in Polearms
  1236 | D:2      | You fall into a shaft and drop 2 floors!
  1242 | D:4      | Reached XP level 4. HP: 34/34 MP: 4/4
  1323 | D:3      | Noticed an ogre
  1333 | D:3      | Killed an ogre
  1334 | D:3      | Reached skill level 5 in Dodging
  1334 | D:3      | Reached XP level 5. HP: 41/41 MP: 5/5
  2450 | D:3      | Found an opulent altar of Gozag.
  2616 | D:3      | Reached skill level 6 in Polearms
  2826 | D:3      | Found a radiant altar of Vehumet.
  2833 | D:3      | Reached XP level 6. HP: 45/48 MP: 6/6
  3264 | D:4      | Noticed Duvessa
  3303 | D:4      | Killed Duvessa
  3542 | D:4      | Found Ysuolut's Assorted Antiques.
  3563 | D:4      | Found an iron altar of Okawaru.
  4020 | D:4      | Noticed Dowan
  4030 | D:4      | Killed Dowan
  4031 | D:4      | Reached XP level 7. HP: 18/55 MP: 7/7
  4325 | D:5      | Entered Level 5 of the Dungeon
  4404 | D:5      | Reached skill level 7 in Polearms
  4421 | D:5      | HP: 2/55 [iguana (11)]
  4436 | D:5      | Noticed Edmund
  4876 | D:4      | Reached skill level 5 in Fighting
  5181 | D:4      | Reached XP level 8. HP: 34/62 MP: 8/8
  5467 | D:4      | Killed Edmund
  5468 | D:4      | Reached skill level 8 in Polearms
  5468 | D:4      | Reached skill level 5 in Throwing
  5702 | D:5      | Found a blossoming altar of Fedhas.
  6512 | D:6      | Noticed Pikel
  6657 | D:6      | Killed Pikel
  6658 | D:6      | Reached skill level 9 in Polearms
  6658 | D:6      | Reached XP level 9. HP: 60/71 MP: 9/9
  7764 | D:6      | Found a shadowy altar of Dithmenos.
  7885 | D:6      | Reached skill level 10 in Polearms
  7927 | D:6      | Became a worshipper of Dithmenos the Shadowed
  8862 | D:7      | Reached XP level 10. HP: 77/80 MP: 10/10
  8910 | D:7      | Reached skill level 10 in Dodging
  8947 | D:7      | Reached skill level 11 in Polearms
  9049 | D:7      | Found a staircase to the Ecumenical Temple.
  9070 | D:7      | Found Fouturou's General Store.
  9076 | D:7      | Bought a scroll of identify for 26 gold pieces
  9076 | D:7      | Bought a +1 pair of gloves for 149 gold pieces
  9076 | D:7      | Bought a scroll of identify for 26 gold pieces
  9224 | D:7      | Gained mutation: Your spells are a little harder to cast,
                  | but a little more powerful. [potion of mutation]
  9224 | D:7      | Gained mutation: You sometimes lose the ability to read
                  | scrolls when taking damage. [potion of mutation]
  9224 | D:7      | Gained mutation: Your spells are harder to cast, but more
                  | powerful. [potion of mutation]
  9225 | D:7      | Lost mutation: Your spells are harder to cast, but more
                  | powerful. [potion of mutation]
  9225 | D:7      | Lost mutation: You sometimes lose the ability to read
                  | scrolls when taking damage. [potion of mutation]
  9225 | D:7      | Gained mutation: You have supernaturally acute eyesight.
                  | (SInv) [potion of mutation]
  9225 | D:7      | Lost mutation: Your spells are a little harder to cast, but
                  | a little more powerful. [potion of mutation]
  9225 | D:7      | Gained mutation: Your flesh is cold resistant. (rC+)
                  | [potion of mutation]
  9225 | D:7      | Gained mutation: You have hidden genetic potential. [potion
                  | of mutation]
  9582 | D:8      | Noticed a two-headed ogre
  9609 | D:8      | Killed a two-headed ogre
  9871 | D:8      | Noticed a two-headed ogre
 10203 | D:8      | Killed a two-headed ogre
 10318 | D:8      | Noticed a death knight
 10373 | D:8      | Killed a death knight
 10374 | D:8      | Reached skill level 12 in Polearms
 11123 | D:8      | Reached XP level 11. HP: 84/89 MP: 11/11
 11250 | D:8      | Reached * piety under Dithmenos
 11791 | D:9      | Gained mutation: Your mind is acute. (Int +2) [hidden
                  | potential]
 12079 | D:9      | Found an ancient bone altar of Kikubaaqudgha.
 12108 | D:9      | Reached ** piety under Dithmenos
 12178 | D:9      | Found a hide-covered altar of Uskayaw.
 12181 | D:9      | Found a shimmering blue altar of Sif Muna.
 12235 | D:9      | Noticed Joseph
 12252 | D:9      | Killed Joseph
 12253 | D:9      | Reached skill level 1 in Armour
 12283 | D:9      | Noticed Psyche
 12295 | D:9      | Killed Psyche
 12550 | D:9      | Found a glowing silver altar of Zin.
 12661 | D:9      | Reached skill level 13 in Polearms
 12696 | D:9      | Noticed a six-headed hydra
 12779 | D:9      | Killed an eight-headed hydra
 12998 | D:10     | Entered Level 10 of the Dungeon
 13024 | D:10     | Found a sacrificial altar of Ru.
 13290 | D:10     | Reached skill level 10 in Fighting
 13295 | D:10     | Reached skill level 1 in Invocations
 13298 | D:10     | Reached skill level 1 in Evocations
 13346 | D:10     | Found Vepauda's Book Shop.
 13600 | D:11     | Noticed a five-headed hydra
 13611 | D:11     | Killed a five-headed hydra
 13656 | D:11     | HP: 1/90 [centaur/arrow (6)]
 13656 | D:11     | Shot with an arrow by a centaur

Illustrated notes

Levels and vault maps discovered:
D:1:      lightli_arrival_farm, layout_basic, chequers_ecumenical_altar_grove
D:2:      layout_loops_ring
D:3:      layout_loops_corners, mainiacjoe_overflow_surrounded_room,
          vehumet_crystals
D:4:      layout_loops_cross, mainiacjoe_overflow_small_starburst,
          chequers_ossuary_entry_cave, serial_shops, shop,
          grunt_decor_mini_mirrors, uniq_duvessa
D:5:      layout_rooms, fedhas_altar_2, uniq_edmund
D:6:      layout_basic, grunt_dithmenos_smoke_and_mirrors, uniq_pikel
D:7:      minmay_clustersquares, layout_basic, minmay_temple_entry_proselytizer,
          serial_shops, nicolae_diamond_shop
D:8:      hangedman_cross_stitches, layout_loops_ring, minmay_misc_feat_hallway,
          kennysheep_generic_room_9
D:9:      nzn_winding_woodlands_three_and_one
          [nzn_winding_woodlands_5x15_parted, nzn_winding_woodlands_5x15_pool,
          nzn_winding_woodlands_5x15_zeroes,
          nzn_winding_woodlands_center_diamonds], layout_loops_ring,
          tgw_kikubaaqudgha, zin_statuary, nicolae_overflow_hidden_temple,
          uniq_psyche, uniq_joseph
D:10:     layout_irregular_city, mainiacjoe_overflow_chevrons, serial_shops,
          shop
D:11:     layout_rooms, minmay_lair_entry_grove, serial_shops,
          nicolae_shop_temple_entry_statues_fountains, nicolae_alphabet_shops,
          okawaru_gym_becter

Skill      XL: |  1  2  3  4  5  6  7  8  9 10 11 |
---------------+----------------------------------+-----
Polearms       | 5 6 7 9 10 12 13 | 13.4
Fighting       | 3 4 5 6 7 9 10 | 10.1
Throwing       | 3 4 6 7 8 9 |  9.4
Dodging        | 5 6 7 8 9 11 12 | 12.4
Armour         | 2 |  2.2
Invocations    | 1 |  1.9
Evocations     | 1 |  1.7

Action                   |  1- 3 |  4- 6 |  7- 9 | 10-12 || total
-------------------------+-------+-------+-------+-------++-------
Melee: Trident           |     5 |       |       |    19 ||    24
       Spear             |    96 |   157 |   321 |       ||   574
       Halberd           |       |       |    41 |   338 ||   379
Throw: Dart              |       |    11 |    36 |    28 ||    75
       Stone             |       |       |     8 |       ||     8
  Use: Scroll            |       |       |     3 |     6 ||     9
       Potion            |       |       |       |     2 ||     2
 Stab: Sleeping          |     2 |     5 |       |     4 ||    11
       Distracted        |       |       |       |     2 ||     2
Armor: Leather armour    |     8 |    20 |    26 |       ||    54
       Steam dragon scal |       |       |    12 |    35 ||    47
       Troll leather arm |       |       |       |    23 ||    23
Dodge: Dodged            |    51 |    52 |   250 |   363 ||   716

Table legend: (Time is in decaauts)
 A = Elapsed time spent in this place.
 B = Non-inter-level travel time spent in this place.
 C = Inter-level travel time spent in this place.
 D = Time resting spent in this place.
 E = Time spent auto-exploring this place.
 F = Levels seen in this place.
 G = Mean time per level.
                   A        B        C        D        E       F      G
               +--------+--------+--------+--------+--------+-----+--------+
         Total |  13421 |  13091 |    330 |    623 |   9716 |  11 | 1220.1 |
       Dungeon |  13421 |  13091 |    330 |    623 |   9716 |  11 | 1220.1 |
               +--------+--------+--------+--------+--------+-----+--------+

Top non-repeatable levels by time:
     D:4: 2446 daAuts
     D:8: 1993 daAuts
     D:6: 1807 daAuts
     D:7: 1503 daAuts
     D:9: 1380 daAuts
     D:3: 1235 daAuts
     D:1: 1012 daAuts
     D:2: 698 daAuts
     D:5: 694 daAuts
    D:10: 566 daAuts
    D:11: 80 daAuts
